 Dungeon Crawl Stone Soup version 0.18-b1-22-ge198996 (webtiles) character file.

1833 Tarnath the Basher (level 8, -1/75 HPs)
             Began as a Deep Dwarf Fighter on May 4, 2016.
             Was an Initiate of Elyvilon.
             Slain by an orc warrior
             ... wielding a +0 scimitar
              (9 damage)
             ... on level 6 of the Dungeon.
             The game lasted 00:22:54 (4004 turns).

Tarnath the Basher (Deep Dwarf Fighter)             Turns: 4004, Time: 00:22:54

Health: -1/75      AC: 14    Str: 19    XL:     8   Next: 86%
Magic:  12/12      EV:  3    Int: 16    God:    Elyvilon [......]
Gold:   185        SH: 10    Dex: 14    Spells: 0 memorised, 7 levels left

rFire  . . .     SeeInvis .     i - +1 mace (crush)
rCold  . . .     Gourm    .     x - +1 plate armour
rNeg   . . .     Faith    .     c - +0 shield
rPois  .         Spirit   .     (no helmet)
rElec  .         Dismiss  .     k - +0 cloak
rCorr  .         Reflect  .     (no gloves)
SustAt +         Harm     .     (no boots)
MR     +....                    (no amulet)
Stlth  ..........               n - +6 ring of intelligence
                                h - ring of sustain attributes

@: non-regenerating, somewhat resistant to hostile enchantments, extremely
unstealthy
A: damage resistance, recharge devices, sense surroundings 1, slow regeneration
3
a: Device Recharging, Renounce Religion


You were on level 6 of the Dungeon.
You worshipped Elyvilon.
Elyvilon was noncommittal.
You were not hungry.

You visited 2 branches of the dungeon, and saw 7 of its levels.

You collected 185 gold pieces.

Inventory:

Hand Weapons
 i - a +1 mace of crushing (weapon)
Armour
 c - a +0 shield (worn)
 k - a +0 cloak (worn)
 x - a +1 plate armour (worn)
Jewellery
 h - a ring of sustain attributes (left hand)
 n - a +6 ring of intelligence (right hand)
Wands
 e - a wand of heal wounds (0/9)
 g - a wand of slowing (14/48)
 v - a wand of polymorph (2/24)
Scrolls
 a - 4 scrolls of teleportation
 l - a scroll of enchant armour
 o - a scroll of remove curse
 q - a scroll of blinking
 y - a scroll of enchant weapon
 C - a scroll of noise {unknown}
Potions
 d - 2 potions of might
 m - 2 potions of flight
 p - a potion of curing
 r - a potion of heal wounds {unknown}
 s - a potion of agility {unknown}
 t - 2 potions of brilliance
 u - 2 potions of mutation
 z - 3 potions of ambrosia
 A - a potion of haste {unknown}
Comestibles
 b - a beef jerky
 f - 5 bread rations
 j - 2 meat rations
 w - 3 fruits
 B - a chunk of flesh


   Skills:
 + Level 5.6 Fighting
 * Level 8.2 Maces & Flails
 - Level 4.6 Armour
 - Level 4.5 Shields
 + Level 5.7 Invocations
 - Level 1.1 Evocations


You had 7 spell levels left.
You didn't know any spells.

Dungeon Overview and Level Annotations

Branches:
Dungeon (6/15)             Temple (1/1) D:4

Altars:
Cheibriados
Dithmenos
Elyvilon
Gozag
Nemelex Xobeh
Okawaru
Pakellas
Sif Muna
Xom
Yredelemnul
Zin

Shops:
D:5 }


Innate Abilities, Weirdness & Mutations

You are resistant to damage.
You can recharge devices by infusing magical energy.
You passively map a small area around you.
You do not regenerate naturally.


Message History

The orc priest invokes the aid of Beogh against you.
Pain shoots through your body!
You closely miss the orc priest.
The giant frog hits you but does no damage. x2
The orc priest hits you but does no damage.
You hit the orc priest.
The orc priest is heavily wounded.
The orc warrior hits you with a scimitar!
* * * LOW HITPOINT WARNING * * *
You block the giant frog's attack.
The orc priest hits you but does no damage.
An orc comes into view. It is wielding a dagger.
The orc shouts!
A jackal comes into view.
The jackal barks!
You block the giant frog's attack.
You closely miss the orc priest.
The orc priest is heavily wounded.
The orc warrior hits you with a scimitar!
You die...

# #. ,, , ,##.### ,,
,#.#.##########....##
#.#.#.....<....#...#
................... ,
###...#........###..
*
#.....#....>...####.
*
#.....#.............
##.o...............##
*
#o.F@...##########...
#....h.o.....# ####
...#.#######..# # *#
,#, *#..## ####### ,
#... #....#. * * *
##..#...... *
##.#.....# ,
.......(.. , *
###....##


You could see an orc warrior, a giant frog, an orc priest, an orc and a jackal.

Vanquished Creatures
  Grinder (D:5)
  Prince Ribbit (D:6)
  Duvessa (D:5)
  A water moccasin (D:6)
  An ice beast (D:6)
  An ogre (D:6)
  A centaur (D:6)
  Blork the orc (D:5)
  Dowan (D:5)
  A scorpion (D:5)
  2 howler monkeys
  A giant frog zombie (D:4)
  A quasit (D:6)
  A jelly (D:6)
  2 hounds
  2 orc priests
  3 orc wizards
  Jessica (D:3)
  An iguana (D:4)
  Terence (D:3)
  2 worker ants (D:5)
  Ijyb (D:3)
  Natasha (D:3)
  A killer bee zombie (D:5)
  7 adders
  10 gnolls
  A dart slug (D:1)
  3 giant geckos
  15 orcs
  8 bats
  2 giant cockroaches
  9 goblins
  7 hobgoblins
  4 jackals (D:1)
  9 kobolds
  3 quokkas
  2 ball pythons
  A giant gecko zombie (D:6)
  4 giant newts (D:1)
  2 quokka skeletons
  4 rats
121 creatures vanquished.

Vanquished Creatures (others)
  A giant cockroach (D:2)
  A hobgoblin (D:2)
2 creatures vanquished.

Grand Total: 123 creatures vanquished

Notes
Turn   | Place    | Note
--------------------------------------------------------------
     0 | D:1      | Tarnath the Deep Dwarf Fighter began the quest for the Orb.
     0 | D:1      | Reached XP level 1. HP: 20/20 MP: 1/1
   139 | D:1      | Reached XP level 2. HP: 21/27 MP: 2/2
   652 | D:1      | Reached XP level 3. HP: 14/33 MP: 3/3
   864 | D:2      | Found a faded altar to an unknown god.
   888 | D:2      | Reached skill level 3 in Maces & Flails
  1044 | D:2      | Found a glowing silver altar of Zin.
  1077 | D:2      | Reached XP level 4. HP: 11/40 MP: 4/4
  1396 | D:3      | Found a snail-covered altar of Cheibriados.
  1396 | D:3      | Noticed Terence
  1400 | D:3      | Noticed Jessica
  1451 | D:3      | Killed Terence
  1775 | D:3      | Killed Jessica
  1775 | D:3      | Reached XP level 5. HP: 27/49 MP: 5/5
  1790 | D:3      | Noticed Ijyb
  1802 | D:3      | Killed Ijyb
  1802 | D:3      | Reached skill level 4 in Maces & Flails
  2049 | D:3      | Noticed Natasha
  2063 | D:3      | Killed Natasha
  2337 | D:4      | Reached XP level 6. HP: 39/56 MP: 6/6
  2858 | D:4      | Found an iron altar of Okawaru.
  2860 | D:4      | Found an oddly glowing altar of Pakellas.
  2888 | D:4      | Found a staircase to the Ecumenical Temple.
  2899 | Temple   | Entered the Ecumenical Temple
  3018 | Temple   | Became a worshipper of Elyvilon the Healer
  3148 | D:5      | Entered Level 5 of the Dungeon
  3176 | D:5      | Reached skill level 1 in Evocations
  3211 | D:5      | Reached skill level 1 in Invocations
  3213 | D:5      | Reached skill level 5 in Maces & Flails
  3319 | D:5      | Noticed Grinder
  3322 | D:5      | Paralysed by Grinder for 4 turns
  3344 | D:5      | Reached XP level 7. HP: 39/63 MP: 8/8
  3345 | D:5      | Killed Grinder
  3433 | D:5      | Noticed Blork the orc
  3448 | D:5      | Killed Blork the orc
  3448 | D:5      | Reached skill level 6 in Maces & Flails
  3564 | D:5      | Noticed Duvessa
  3566 | D:5      | Noticed Dowan
  3610 | D:5      | Killed Duvessa
  3610 | D:5      | Reached XP level 8. HP: 29/73 MP: 10/10
  3617 | D:5      | Killed Dowan
  3636 | D:5      | Found an oddly glowing altar of Pakellas.
  3636 | D:5      | Found Pakellas's Prime Provisions.
  3782 | D:6      | Reached skill level 7 in Maces & Flails
  3799 | D:6      | Reached skill level 5 in Fighting
  3851 | D:6      | Noticed Prince Ribbit
  3855 | D:6      | Reached skill level 5 in Invocations
  3909 | D:6      | Killed Prince Ribbit
  3909 | D:6      | Reached skill level 8 in Maces & Flails
  4004 | D:6      | Slain by an orc warrior

Skill      XL: |  1  2  3  4  5  6  7  8 |
---------------+-------------------------+-----
Maces & Flails | 3 4 5 6 8 |  8.2
Fighting       | 3 4 5 |  5.6
Armour         | 4 |  4.6
Shields        | 4 |  4.5
Evocations     | 1 |  1.1
Invocations    | 1 3 5 |  5.7

Action                   |  1- 3 |  4- 6 |  7- 9 || total
-------------------------+-------+-------+-------++-------
Melee: Whip              |    22 |       |       ||    22
       Flail             |    14 |       |       ||    14
       Mace              |    89 |   235 |   190 ||   514
       Unarmed           |       |     4 |       ||     4
Evoke: Wand              |       |     6 |    11 ||    17
  Use: Scroll            |       |    14 |     2 ||    16
  Eat: Chunk             |     1 |     7 |     3 ||    11
Armor: Scale mail        |    77 |    17 |       ||    94
       Plate armour      |       |   119 |   154 ||   273
       Skin              |       |     1 |       ||     1
Dodge: Dodged            |    50 |    50 |    32 ||   132
Block: Shield            |   104 |   142 |   134 ||   380
